 Dungeon Crawl Stone Soup version 0.30.0-19-g36f170ea60 (webtiles) character file.

Game seed: 17521140149850665803

732 bmack86 the Cleaver (level 7, -6/57 HPs)
             Began as a Minotaur Fighter on May 29, 2023.
             Mangled by Prince Ribbit (15 damage)
             ... on level 5 of the Dungeon.
             The game lasted 00:11:22 (3962 turns).

bmack86 the Cleaver (Minotaur Fighter)              Turns: 3962, Time: 00:11:22

Health: -6/57      AC: 12    Str: 22    XL:     7   Next: 45%
Magic:  6/6        EV:  6    Int:  5    God:
Gold:   214        SH:  4    Dex: 10    Spells: 6/6 levels left

rFire   . . .        a - +1 war axe
rCold   . . .        c - +0 buckler
rNeg    . . .        r - +1 plate armour
rPois   +            (helmet restricted)
rElec   .            (no cloak)
rCorr   .            (no gloves)
SInv    .            (no boots)
Will    .....        (no amulet) Stlth
                     q - ring of poison resistance
HPRegen 0.29/turn    (no ring)
MPRegen 0.10/turn

%: no passive effects
@: mighty, lit by a corona, glowing
A: horns 2, retaliatory headbutt
a: no special abilities


You were on level 5 of the Dungeon.
You visited 2 branches of the dungeon, and saw 6 of its levels.

You collected 214 gold pieces.

Inventory:

Hand Weapons
 a - a +1 war axe (weapon)
Missiles
 n - 4 poisoned darts (quivered)
Armour
 b - a +0 scale mail
 c - a +0 buckler (worn)
 r - a +1 plate armour (worn)
Jewellery
 q - a ring of poison resistance (left hand)
Wands
 e - a wand of iceblast (10)
 g - a wand of light (2)
 l - a wand of digging (6)
Scrolls
 f - a scroll of blinking
Potions
 d - a potion of might
 h - 3 potions of flight
 i - a potion of haste {unknown}
 j - a potion of experience {unknown}
 k - 3 potions of curing
 m - 2 potions of brilliance {unknown}
 o - 2 potions of heal wounds {unknown}
 p - a potion of magic {unknown}


   Skills:
 - Level 3.6 Fighting
 + Level 10.2 Axes
 - Level 3.6 Armour
 - Level 3.6 Shields


You had 6 spell levels left.
You didn't know any spells.
Your spell library contained the following spells:

 Spells                   Type           Power      Damage    Failure   Level
 Kiss of Death            Conj/Necr      0%         2d5       100%        1
 Ensorcelled Hibernation  Hex/Ice        0%         N/A       100%        2
 Passwall                 Tmut/Erth      0%         N/A       100%        2
 Confusing Touch          Hex            0%         N/A       100%        3
 Spider Form              Tmut/Pois      0%         N/A       100%        3
 Swiftness                Air            0%         N/A       100%        3
 Anguish                  Hex/Necr       0%         N/A       100%        4
 Dispel Undead            Necr           0%         3d6       100%        4
 Summon Forest            Summ/Tloc      0%         N/A       100%        5
 Eringya's Noxious Bog    Tmut/Pois      0%         N/A       100%        6
 Summon Hydra             Summ           0%         N/A       100%        7


Dungeon Overview and Level Annotations

Branches:
Dungeon (5/15)             Temple (1/1) D:4

Altars:
Ashenzari
Cheibriados
Hepliaklqana
Makhleb
Okawaru
Qazlal
Uskayaw
Vehumet
Xom
Zin
The Shining One

Shops:
D:5 (

Annotations:
D:5 Prince Ribbit


Innate Abilities, Weirdness & Mutations

You have a pair of horns on your head.
You reflexively headbutt those who attack you in melee.


Message History

You closely miss Dowan. You block Duvessa's attack.
Dowan hits you but does no damage.
You feel drained.
You hit Duvessa but do no damage. Your headbutt misses Duvessa.
Duvessa is heavily wounded.
You slash Dowan!
You kill Dowan!
Duvessa weeps, and shakes her weapon.
Duvessa goes berserk!
You block Duvessa's attack. Duvessa hits you with a +0 rapier!
You hit Duvessa.
Duvessa is severely wounded.
You barely miss Prince Ribbit.
Prince Ribbit blinks!
Duvessa hits you but does no damage. x2
You slash Duvessa!
Duvessa is severely wounded.
Duvessa hits you with a +0 rapier!
You slash Duvessa!
You kill Duvessa!
You completely miss Prince Ribbit.
Prince Ribbit croaks regally.
Prince Ribbit hits you!
Prince Ribbit blinks!
Your life force feels restored.
Your Axes skill increases to level 10!
You feel very mighty all of a sudden.
You closely miss Prince Ribbit. You headbutt Prince Ribbit.
Prince Ribbit is lightly wounded.
Prince Ribbit hits you!
* * * LOW HITPOINT WARNING * * *
Prince Ribbit blinks!
You closely miss Prince Ribbit. Your headbutt misses Prince Ribbit.
Prince Ribbit is lightly wounded.
Prince Ribbit hits you.
* * * LOW HITPOINT WARNING * * *
Prince Ribbit blinks!
Prince Ribbit hits you but does no damage.
You slice Prince Ribbit!!
Prince Ribbit is heavily wounded.
Prince Ribbit blinks!
Prince Ribbit hits you!
You die...

#.## # ... #.##.##
#.#.#...###.#
#..))....... #...#
##..# #F.# #@.######.
#......... #.########
#####.####
####........#
#########......#.##.#
..........##.#.#.# #
.#######>.##.#.#.# .#
#####..#.)....##.


You could see Prince Ribbit.

Vanquished Creatures
  Sigmund (D:2)
  Duvessa (D:5)
  A scorpion (D:5)
  Dowan (D:5)
  An orc priest (D:4)
  A hound (D:5)
  A gnoll bouda (D:4)
  An orc wizard (D:4)
  6 gnolls
  10 adders
  A worm (D:3)
  2 dart slugs (D:1)
  12 orcs
  5 bats
  11 endoplasms
  5 giant cockroaches
  7 hobgoblins
  3 jackals (D:1)
  10 kobolds
  5 quokkas
  6 ball pythons
  A frilled lizard (D:1)
  4 goblins
  10 rats
106 creatures vanquished.

Notes
Turn   | Place    | Note
-------+----------+-------------------------------------------
     0 | D:1      | bmack86 the Minotaur Fighter began the quest for the Orb.
     0 | D:1      | Reached XP level 1. HP: 19/19 MP: 0/0
    81 | D:1      | Reached skill level 3 in Axes
   134 | D:1      | Reached XP level 2. HP: 26/26 MP: 1/1
   261 | D:1      | Reached skill level 4 in Axes
   310 | D:1      | Reached XP level 3. HP: 31/31 MP: 2/2
   774 | D:2      | Reached skill level 5 in Axes
   798 | D:2      | Noticed Sigmund
   807 | D:2      | Killed Sigmund
   808 | D:2      | Reached skill level 7 in Axes
   808 | D:2      | Reached XP level 4. HP: 18/39 MP: 3/3
   808 | D:2      | Reached XP level 5. HP: 20/45 MP: 4/4
  1631 | D:3      | Reached XP level 6. HP: 51/51 MP: 5/5
  2048 | D:3      | Reached skill level 8 in Axes
  2309 | D:4      | Found a staircase to the Ecumenical Temple.
  2355 | Temple   | Entered the Ecumenical Temple
  2656 | D:4      | Reached skill level 9 in Axes
  2827 | D:4      | Found a stormy altar of Qazlal.
  3626 | D:5      | Entered Level 5 of the Dungeon
  3637 | D:5      | Identified the +2 robe of Shielding {rElec}
  3679 | D:5      | Found a radiant altar of Vehumet.
  3753 | D:5      | Found Boilanu's Weapon Emporium.
  3827 | D:5      | Reached XP level 7. HP: 57/57 MP: 6/6
  3940 | D:5      | Noticed Dowan
  3940 | D:5      | Noticed Duvessa
  3943 | D:5      | Noticed Prince Ribbit
  3950 | D:5      | Killed Dowan
  3953 | D:5      | Killed Duvessa
  3954 | D:5      | Reached skill level 10 in Axes
  3962 | D:5      | Mangled by Prince Ribbit

Illustrated notes

Levels and vault maps discovered:
D:1:      reono_arrival_forest_river, layout_loops_cross, st_stairs_4
D:2:      layout_loops_ring, uniq_sigmund
D:3:      layout_loops_ring, hangedman_abyss_or_decor_stabs
D:4:      layout_layer_cave, nicolae_qazlal_scattered_showers,
          minmay_temple_entry_arrows
D:5:      layout_loops_corners, nicolae_vehumet_altar_sigil, serial_shops, shop,
          portal_sewer_entry_d, uniq_ijyb, uniq_duvessa, uniq_prince_ribbit1
Temple:   zaba_magenta_temple

Skill      XL: |  1  2  3  4  5  6  7 |
---------------+----------------------+-----
Axes           | 3 4 7 9 10 | 10.2
Fighting       | |  3.6
Armour         | |  3.6
Shields        | |  3.6

Action                     |  1- 3 |  4- 6 |  7- 9 || total
---------------------------+-------+-------+-------++-------
  Melee: War axe           |    65 |   133 |    21 ||   219
         Headbutt          |     4 |    20 |     1 ||    25
    Use: Scroll            |       |     4 |     4 ||     8
         Potion            |       |       |     1 ||     1
 Armour: Scale mail        |    28 |    55 |       ||    83
         Plate armour      |       |     7 |    12 ||    19
  Dodge: Dodged            |    35 |    41 |     3 ||    79
  Block: Buckler           |    10 |    26 |     5 ||    41
